 Dungeon Crawl Stone Soup version 0.31-a0-851-g7ff8af7976 (webtiles) character file.

Game seed: 2493271935052230638

48 Pixllover the Chopper (level 3, -3/26 (29) HPs)
             Began as a Hill Orc Monk on Oct 6, 2023.
             Was a Priest of Hepliaklqana.
             Killed from afar by Terence (15 damage)
             ... with a puff of flame
             ... on level 3 of the Dungeon.
             The game lasted 00:03:39 (1445 turns).

Pixllover the Chopper (Hill Orc Monk)               Turns: 1445, Time: 00:03:40

HP:   -3/26 (29)    AC: 10    Str: 15    XL:     3   Next: 72%
MP:   3/3           EV:  4    Int: 10    God:    Hepliaklqana [***...]
Gold: 93            SH:  0    Dex: 13    Spells: 2/2 levels left

rFire   . . .        a - +0 hand axe
rCold   . . .        d - orb {light}
rNeg    . . .        e - +0 plate armour
rPois   .            (no helmet)
rElec   .            (no cloak)
rCorr   .            (no gloves)
SInv    .            (no boots)
Will    .....        (no amulet) Stlth
                     (no ring)
HPRegen 0.24/turn    (no ring)
MPRegen 0.08/turn

%: no passive effects
@: glowing, heavily drained
A: reduced essence
a: Renounce Religion, Ancestor Life: Knight, Ancestor Life: Battlemage, Ancestor
Life: Hexer, Recall Ancestor, Ancestor Identity, Transference


You were on level 3 of the Dungeon.
You worshipped Hepliaklqana.
Hepliaklqana was most pleased with you.
You visited 1 branch of the dungeon, and saw 3 of its levels.

You collected 93 gold pieces.

Inventory:

Hand Weapons
 a - a +0 hand axe (weapon)
Armour
 b - a +0 robe
 d - an orb of light (worn)
 e - a +0 plate armour (worn)
Scrolls
 g - a scroll of silence {unknown}
 i - 2 scrolls of poison {unknown}
 k - a scroll of enchant weapon {unknown}
 l - 2 scrolls of fog {unknown}
Potions
 c - a potion of ambrosia
 f - a potion of degeneration {unknown}
 h - a potion of lignification {unknown}
 j - a potion of brilliance {unknown}
 m - a potion of berserk rage {unknown}


   Skills:
 + Level 4.1 Fighting
 + Level 5.1 Axes
 + Level 0.3 Armour
 + Level 2.8 Dodging
 + Level 0.1 Stealth


You had 2 spell levels left.
You didn't know any spells.
Your spell library contained the following spells:

 Spells                   Type           Power      Damage    Failure   Level
 Wereblood                Tmut           0%         N/A       100%        2
 Irradiate                Conj/Tmut      0%         3d11      100%        5


Dungeon Overview and Level Annotations

Branches:
Dungeon (3/15)

Altars:
Hepliaklqana

Annotations:
D:3 Terence


Message History

You swap places.
Servia hits the ball python.
Terence shouts, "Now you die!"
Servia hits the ball python.
The ball python dies!
Terence zaps a wand.
The puff of flame hits Servia.
Servia resists.
Terence hits Servia with a +0 hand axe.
Servia barely misses Terence.
Terence hits Servia with a +0 hand axe!
Servia is destroyed!
You hit Terence but do no damage. Terence hits you but does no damage.
You hit Terence.
Terence is lightly wounded.
Terence hits you but does no damage.
You hit Terence but do no damage.
Terence is lightly wounded.
Terence hits you but does no damage.
You hit Terence but do no damage.
Terence is lightly wounded.
Terence hits you but does no damage.
You barely miss Terence.
Terence is lightly wounded.
Terence zaps a wand.
The puff of flame hits you.
You hit Terence but do no damage.
Terence is lightly wounded.
Terence barely misses you.
You hit Terence.
Terence is moderately wounded.
Terence zaps a wand.
The puff of flame hits you.
You hit Terence but do no damage.
Terence is moderately wounded.
Terence screams, "I want your blood!" Terence hits you with a +0 hand axe.
You hit Terence.
Terence is heavily wounded.
Terence hits you but does no damage.
You hit Terence but do no damage.
Terence is heavily wounded.
Terence zaps a wand.
The puff of flame hits you!
Ouch! That really hurt!
You die...

... ..# $...#
.....##.####... #
... ........# #.
# #.# #.##..#
##... #>#
##.....# ...#.
#.# #...##.# #...
#.# ##..## ...
#..##.###..@#
##..#
#.........#@# #.#
####.....###..#
.# #........#
#.## .
#..)...).###.###
.
#....[.........>
..........###.###
###......<.##.#
#...#..#..#..
#...#.###.>..


You could see Terence.

Vanquished Creatures
  A worm (D:2)
  4 bats
  4 endoplasms
  3 goblins
  7 hobgoblins
  2 quokkas (D:1)
  3 ball pythons
  2 frilled lizards
  6 kobolds
  3 rats
35 creatures vanquished.

Vanquished Creatures (collateral kills)
  A worm (D:2)
  A ball python (D:3)
  A bat (D:3)
3 creatures vanquished.

Vanquished Creatures (others)
  3 ancestors
3 creatures vanquished.

Grand Total: 41 creatures vanquished

Notes
Turn   | Place    | Note
-------+----------+-------------------------------------------
     0 | D:1      | Pixllover the Hill Orc Monk began the quest for the Orb.
     0 | D:1      | Reached XP level 1. HP: 19/19 MP: 1/1
     6 | D:1      | Noticed a black bear
     6 | D:1      | Noticed a water moccasin
     6 | D:1      | Noticed a lindwurm
     7 | D:1      | Noticed a swamp drake
   131 | D:1      | Reached XP level 2. HP: 26/27 MP: 2/2
   282 | D:1      | Found a faded altar of an unknown god.
   291 | D:1      | Prayed at the altar of an unknown god.
   291 | D:1      | Became a worshipper of Hepliaklqana the Forgotten
   291 | D:1      | Reached * piety under Hepliaklqana
   291 | D:1      | Reached ** piety under Hepliaklqana
   615 | D:2      | Reached XP level 3. HP: 14/29 MP: 3/3
   853 | D:2      | Reached *** piety under Hepliaklqana
  1402 | D:3      | Reached skill level 5 in Axes
  1424 | D:3      | Noticed Terence
  1445 | D:3      | Killed from afar by Terence

Illustrated notes

Levels and vault maps discovered:
D:1:      onia_arrival_zoo_common, layout_rooms,
          shapermc_ecumenical_altar_mp_ritualfount, minivault_19
D:2:      layout_basic
D:3:      layout_rooms, minmay_misc_feat_chi, uniq_crazy_yiuf_cottage,
          uniq_terence

Skill      XL: |  1  2  3 |
---------------+----------+-----
Fighting       | 4 |  4.1
Axes           | 5 |  5.1
Armour         | |  0.3
Dodging        | |  2.8
Stealth        | |  0.1

Action                     || total
---------------------------++-------
  Melee: Hand axe          ||   100
   Stab: Distracted        ||     1
 Armour: Plate armour      ||    88
  Dodge: Dodged            ||    14

Table legend: (Time is in decaauts)
 A = Elapsed time spent in this place.
 B = Non-inter-level travel time spent in this place.
 C = Inter-level travel time spent in this place.
 D = Time resting spent in this place.
 E = Time spent auto-exploring this place.
 F = Levels seen in this place.
 G = Mean time per level.
                   A        B        C        D        E       F      G
               +--------+--------+--------+--------+--------+-----+--------+
         Total |   1451 |   1408 |     43 |      0 |    908 |   3 |  483.7 |
       Dungeon |   1451 |   1408 |     43 |      0 |    908 |   3 |  483.7 |
               +--------+--------+--------+--------+--------+-----+--------+

Top non-repeatable levels by time:
     D:2: 805 daAuts
     D:1: 598 daAuts
     D:3: 47 daAuts
